 Dungeon Crawl Stone Soup version 0.30-a0-378-g86d51d8b50 (webtiles) character file.

Game seed: 8427855137134169431

123 Engwar the Poker (level 5, -4/43 HPs)
             Began as a Merfolk Cinder Acolyte on Dec 1, 2022.
             Was a High Priest of Ignis.
             Splashed by a jelly's acid (5 damage)
             ... on level 4 of the Dungeon.
             The game lasted 00:07:12 (1953 turns).

Engwar the Poker (Merfolk Cinder Acolyte)           Turns: 1953, Time: 00:07:12

Health: -4/43      AC:  4    Str: 23    XL:     5   Next: 7%
Magic:  6/6        EV: 10    Int: 13    God:    Ignis [*****.]
Gold:   66         SH:  0    Dex:  9    Spells: 6/6 levels left

rFire   + . .      SeeInvis .    a - -1 spear (flame)
rCold   . . .      Faith    .    (no shield)
rNeg    . . .      Spirit   .    f - +0 scale mail
rPois   .          Reflect  .    (no helmet)
rElec   .          Harm     .    j - +0 cloak
rCorr   .          Rampage  .    (no gloves)
Will    .....                    c - +0 pair of boots
Stlth   ..........               (no amulet)
HPRegen 0.27/turn                i - +6 ring of strength
MPRegen 0.10/turn                (no ring)

@: corroded
A: (nimble swimmer 2), mertail
a: Renounce Religion, Fiery Armour, Foxfire Swarm, Rising Flame


You were on level 4 of the Dungeon.
You worshipped Ignis.
Ignis was extremely pleased with you.
You visited 1 branch of the dungeon, and saw 5 of its levels.

You collected 66 gold pieces.

Inventory:

Hand Weapons
 a - a -1 spear of flaming (weapon)
Armour
 b - a +0 robe
 c - a +0 pair of boots (worn)
 f - a +0 scale mail (worn)
 j - a +0 cloak (worn)
Jewellery
 i - a +6 ring of strength (left hand)
Potions
 e - 2 potions of haste
 g - a potion of mutation {unknown}
 h - a potion of lignification {unknown}
 l - 2 potions of degeneration {unknown}


   Skills:
 + Level 4.5 Fighting
 + Level 5.3 Polearms
 + Level 3.2 Dodging
 - Level 1.0 Spellcasting
 - Level 2.1 Fire Magic


You had 6 spell levels left.
You didn't know any spells.
Your spell library contained the following spells:

 Spells                   Type           Power      Damage    Failure   Level
 Foxfire                  Conj/Fire      12%        2x1d4     43%         1
 Scorch                   Fire           12%        2d6       43%         2
 Gell's Gravitas          Tloc           0%         N/A       92%         3
 Lesser Beckoning         Tloc           0%         N/A       92%         3
 Teleport Other           Tloc           0%         N/A       92%         3
 Fireball                 Conj/Fire      1%         3d3       100%        5
 Starburst                Conj/Fire      1%         6d3       100%        6


Dungeon Overview and Level Annotations

Branches:
Dungeon (5/15)
 Temple: D:4-7

Altars:
Wu Jian

Annotations:
D:3 Sigmund
D:4 Robin


Innate Abilities, Weirdness & Mutations

((You are very nimble when in or above water. (Stealth+, EV+, Speed+++)))
Your lower body shifts to a powerful aquatic tail in water.


Message History

The ball python hisses angrily.
You barely miss the ball python.
The ball python bites you but does no damage.
The ball python grabs you. The ball python constricts you.
You barely miss the ball python.
The ball python bites you but does no damage.
The ball python constricts you.
Unknown command.
Unknown command.
You hit the ball python but do no damage.
The ball python bites you. The ball python constricts you.
You barely miss the ball python. The ball python bites you.
The ball python constricts you.
The jelly jiggles.
The jelly hits you but does no damage.
You barely miss the ball python.
The ball python bites you but does no damage.
The ball python constricts you.
You hit the ball python. You burn the ball python.
You kill the ball python!
The jelly hits you.
You are splashed with acid!
You hit the jelly. You burn the jelly. The acid corrodes you!
Your hands burn!
The jelly is heavily wounded.
The jelly hits you. The acid corrodes you!
You are splashed with acid!
You are too injured to fight recklessly!
You are too injured to fight recklessly!
You are too injured to fight recklessly!
You are too injured to fight recklessly!
You are too injured to fight recklessly!
You are too injured to fight recklessly!
You are too injured to fight recklessly!
You hit the jelly but do no damage.
Your hands burn!
* * * LOW HITPOINT WARNING * * *
The jelly is heavily wounded.
The jelly hits you.
* * * LOW HITPOINT WARNING * * *
You are splashed with acid!
* * * LOW HITPOINT WARNING * * *
You hit the jelly. You burn the jelly.
Your hands burn!
You die...

#################
.................
..[..............
.......J.........
#.@........
#...#######
##...##...
#.........
#.........
#.........
####+##'###########
..................#
..................#


You could see a jelly.

Vanquished Creatures
  An iguana (D:5)
  4 adders
  A dart slug (D:1)
  An orc (D:4)
  6 ball pythons
  3 endoplasms
  5 giant cockroaches
  4 goblins
  6 hobgoblins
  5 jackals
  3 quokkas (D:2)
  5 bats
  4 frilled lizards (D:2)
  3 kobolds
  4 rats
55 creatures vanquished.

Notes
Turn   | Place    | Note
-------+----------+-------------------------------------------
     0 | D:1      | Engwar the Merfolk Cinder Acolyte began the quest for the
                  | Orb.
     0 | D:1      | Reached XP level 1. HP: 18/18 MP: 2/2
    92 | D:1      | Learned a level 1 spell: Foxfire
   211 | D:1      | Reached skill level 1 in Dodging
   228 | D:1      | Reached XP level 2. HP: 24/24 MP: 3/3
   803 | D:2      | Reached XP level 3. HP: 30/30 MP: 4/4
   974 | D:2      | Found a faded altar of an unknown god.
  1397 | D:3      | Noticed Sigmund
  1568 | D:2      | Reached XP level 4. HP: 36/37 MP: 5/5
  1608 | D:2      | Reached skill level 5 in Polearms
  1635 | D:3      | Found an ornate altar of the Wu Jian Council.
  1714 | D:4      | Noticed a necrophage
  1725 | D:4      | Noticed Robin
  1731 | D:5      | Entered Level 5 of the Dungeon
  1854 | D:5      | Reached XP level 5. HP: 41/43 MP: 6/6
  1952 | D:4      | HP: 1/43 [acid (8)]
  1953 | D:4      | Splashed by a jelly's acid

Illustrated notes

Levels and vault maps discovered:
D:1:      evilmike_arrival_plus, layout_loops_cross, st_stairs_10, fountainhead
D:2:      layout_basic, shapermc_ecumenical_altar_notcrosses
D:3:      layout_rooms, overflow_temple_1_default, dreamdust_princess_corridor,
          uniq_sigmund
D:4:      layout_gridville, uniq_robin
D:5:      layout_loops_ring, trog_wizard, serial_shops,
          nicolae_shop_window_shopping, lexackson_kobold_supper, uniq_ijyb

Skill      XL: |  1  2  3  4 |
---------------+-------------+-----
Dodging        | 1 2 3 |  3.2
Fighting       | 4 |  4.5
Polearms       | 5 |  5.3
Spellcasting   | |  1.0
Fire Magic     | |  2.1

Action                   |  1- 3 |  4- 6 || total
-------------------------+-------+-------++-------
Melee: Spear             |   165 |    68 ||   233
       Tailslap          |     1 |       ||     1
  Use: Scroll            |     5 |     1 ||     6
Armor: Robe              |     6 |       ||     6
       Scale mail        |    57 |    30 ||    87
Dodge: Dodged            |    68 |    26 ||    94

Table legend: (Time is in decaauts)
 A = Elapsed time spent in this place.
 B = Non-inter-level travel time spent in this place.
 C = Inter-level travel time spent in this place.
 D = Time resting spent in this place.
 E = Time spent auto-exploring this place.
 F = Levels seen in this place.
 G = Mean time per level.
                   A        B        C        D        E       F      G
               +--------+--------+--------+--------+--------+-----+--------+
         Total |   1920 |   1730 |    190 |    131 |   1042 |   5 |  384.0 |
       Dungeon |   1920 |   1730 |    190 |    131 |   1042 |   5 |  384.0 |
               +--------+--------+--------+--------+--------+-----+--------+

Top non-repeatable levels by time:
     D:2: 787 daAuts
     D:1: 742 daAuts
     D:3: 159 daAuts
     D:5: 154 daAuts
     D:4: 77 daAuts
